 Dungeon Crawl Stone Soup version 0.29-a0-72-g1732ff48e7 (webtiles) character file.

Game seed: 1031150279783541705

83 belegose the Skirmisher (level 4, -8/29 HPs)
             Began as a Gargoyle Cinder Acolyte on Feb 3, 2022.
             Was a High Priest of Ignis.
             Killed by divine providence
             ... invoked by an orc priest
              (10 damage)
             ... on level 3 of the Dungeon.
             The game lasted 00:04:58 (2012 turns).

belegose the Skirmisher (Gargoyle Cinder Acolyte)   Turns: 2012, Time: 00:04:58

Health: -8/29      AC: 17    Str: 18    XL:     4   Next: 44%
Magic:  6/6        EV:  9    Int: 14    God:    Ignis [*****.]
Gold:   148        SH:  3    Dex:  7    Spells: 3/5 levels left

rFire   + . .      SeeInvis .   a - -1 mace (flame)
rCold   . . .      Faith    .   l - +0 buckler
rNeg    + . .      Spirit   .   f - +0 scale mail
rPois   ∞          Reflect  .   (no helmet)
rElec   +          Harm     .   (no cloak)
rCorr   .          Rampage  .   (no gloves)
Will    .....                   (no boots)
Stlth   ..........              k - amulet of the acrobat
HPRegen 0.09/turn               (no ring)
MPRegen 0.10/turn               (no ring)

@: fiery-armoured
A: sickness immunity, AC +3, negative energy resistance 1, electricity
resistance, torment resistance 1, petrification resistance
a: Renounce Religion, Fiery Armour, Foxfire Swarm, Rising Flame


You were on level 3 of the Dungeon.
You worshipped Ignis.
Ignis was extremely pleased with you.
You visited 1 branch of the dungeon, and saw 3 of its levels.

You collected 148 gold pieces.

Inventory:

Hand Weapons
 a - a -1 mace of flaming (weapon)
Missiles
 j - 7 stones (quivered)
Armour
 f - a +0 scale mail (worn)
 l - a +0 buckler (worn)
Jewellery
 k - an amulet of the acrobat (around neck)
Scrolls
 c - a scroll of blinking {unknown}
 d - a scroll of teleportation {unknown}
 e - 2 scrolls of identify {unknown}
 h - a scroll of vulnerability {unknown}
Potions
 g - a potion of magic {unknown}
 i - a potion of brilliance {unknown}


   Skills:
 - Level 3.7 Fighting
 - Level 3.4 Maces & Flails
 - Level 1.5 Armour
 - Level 1.5 Stealth
 + Level 1.1 Shields
 + Level 1.4 Spellcasting
 + Level 1.1 Conjurations
 - Level 3.0 Fire Magic


You had 3 spell levels left.
You knew the following spells:

 Your Spells              Type           Power      Damage    Failure   Level
a - Searing Ray           Conj           8%         2d4       71%         2

Your spell library contained the following spells:

 Spells                   Type           Power      Damage    Failure   Level
 Scorch                   Fire           18%        2d6       43%         2
 Magic Dart               Conj           16%        1d3       56%         1
 Fulminant Prism          Conj/Hex       1%         3d6       100%        4
 Summon Forest            Summ/Tloc      0%         N/A       100%        5
 Summon Mana Viper        Hex/Summ       1%         N/A       100%        5
 Summon Cactus Giant      Summ           0%         N/A       100%        6


Dungeon Overview and Level Annotations

Branches:
Dungeon (3/15)

Altars:

Annotations:
D:2 exclusion: downstairs


Innate Abilities, Weirdness & Mutations

You are immune to sickness and miasma.
Your stone body is resilient. (AC +3)
You are immune to poison.
You resist negative energy. (rN+)
You are resistant to electric shocks. (rElec)
You are resistant to unholy torment.
You are immune to petrification.


Message History

You sock the orc priest! You burn the orc priest.
The orc priest is severely wounded.
The orc priest closely misses you.
You closely miss the orc priest.
The orc priest is severely wounded.
The orc priest begins to cast a cantrip, but forgets the words!
The orc priest calls down the wrath of Beogh upon you.
Pain shoots through your body!
You barely miss the orc priest.
The orc priest is severely wounded.
The orc priest hits you with a +0 hand axe.
You closely miss the orc priest.
The orc priest is severely wounded.
The orc priest hits you but does no damage.
You barely miss the orc priest.
The orc priest is severely wounded.
The orc priest hits you with a +0 hand axe.
The orc priest invokes the aid of Beogh against you.
Beogh smites you!
You barely miss the orc priest.
The orc priest is severely wounded.
The orc priest calls down the wrath of Beogh upon you.
Pain shoots through your body!
* * * LOW HITPOINT WARNING * * *
You barely miss the orc priest.
The orc priest is severely wounded.
The orc priest barely misses you.
You barely miss the orc priest.
The orc priest is severely wounded.
The orc priest hits you with a +0 hand axe.
* * * LOW HITPOINT WARNING * * *
You hit the orc priest but do no damage.
The orc priest is severely wounded.
The orc priest begins to cast a cantrip, but forgets the words!
The orc priest hits you with a +0 hand axe.
* * * LOW HITPOINT WARNING * * *
A protective cloak of flame settles atop you.
The orc priest invokes the aid of Beogh against you.
Beogh smites you!
You die...

... ####### #.# .......
#.# .# .......###
##.##.# .........#
...#.# ........<#
#..#.#
.......######..#.######
.......@..)............
......o#######.........
....... ##..#####
....... #..# .......
#).# .......
###..###### #######
#..)....... #.#..######
#.#<>.....#


You could see an orc priest.

Vanquished Creatures
  An orc priest (D:3)
  An adder (D:2)
  A dart slug (D:2)
  3 orcs (D:3)
  4 bats
  7 endoplasms
  2 giant cockroaches
  4 goblins
  3 hobgoblins
  2 quokkas
  3 ball pythons (D:2)
  A kobold (D:3)
  4 rats
36 creatures vanquished.

Vanquished Creatures (others)
  4 toadstools (D:1)
4 creatures vanquished.

Grand Total: 40 creatures vanquished

Notes
Turn   | Place    | Note
-------+----------+-------------------------------------------
     0 | D:1      | belegose the Gargoyle Cinder Acolyte began the quest for
                  | the Orb.
     0 | D:1      | Reached XP level 1. HP: 14/14 MP: 2/2
    71 | D:1      | Reached XP level 2. HP: 6/19 MP: 3/3
   389 | D:1      | Reached skill level 1 in Armour
   389 | D:1      | Reached skill level 1 in Stealth
   819 | D:2      | Reached XP level 3. HP: 21/23 MP: 4/4
  1246 | D:2      | Learned a level 2 spell: Searing Ray
  1716 | D:3      | Reached skill level 1 in Shields
  1716 | D:3      | Reached skill level 1 in Conjurations
  1716 | D:3      | Reached XP level 4. HP: 7/29 MP: 4/6
  2012 | D:3      | Killed from afar by an orc priest

Illustrated notes

Levels and vault maps discovered:
D:1:      wander_arrival_chamber, layout_rooms, minmay_gold_behind_fungi
D:2:      layout_basic
D:3:      layout_basic, ebering_ghost_reflecting_pool,
          shapermc_ecumenical_altar_hornbeckon, minmay_fractal_squares_5

Skill      XL: |  1  2  3 |
---------------+----------+-----
Armour         | 1 |  1.5
Stealth        | 1 |  1.5
Shields        | 1 |  1.1
Conjurations   | 1 |  1.1
Fighting       | |  3.7
Maces & Flails | |  3.4
Spellcasting   | |  1.4
Fire Magic     | |  3.0

Action                   |  1- 3 |  4- 6 || total
-------------------------+-------+-------++-------
Melee: Mace              |    92 |    19 ||   111
       Punch             |     1 |       ||     1
Invok: Fiery Armour      |     1 |     1 ||     2
Armor: Robe              |    15 |       ||    15
       Scale mail        |    33 |     5 ||    38
Dodge: Dodged            |    33 |     6 ||    39
Block: Buckler           |     1 |     1 ||     2

Table legend: (Time is in decaauts)
 A = Elapsed time spent in this place.
 B = Non-inter-level travel time spent in this place.
 C = Inter-level travel time spent in this place.
 D = Time resting spent in this place.
 E = Time spent auto-exploring this place.
 F = Levels seen in this place.
 G = Mean time per level.
                   A        B        C        D        E       F      G
               +--------+--------+--------+--------+--------+-----+--------+
         Total |   2046 |   1952 |     94 |    442 |    947 |   3 |  682.0 |
       Dungeon |   2046 |   1952 |     94 |    442 |    947 |   3 |  682.0 |
               +--------+--------+--------+--------+--------+-----+--------+

Top non-repeatable levels by time:
     D:2: 1182 daAuts
     D:1: 745 daAuts
     D:3: 119 daAuts
